 Dungeon Crawl Stone Soup version 0.30.1-11-g7821555f0a (webtiles) character file.

Game seed: 3536359849734429551

590 UltimateWarrior the Chopper (level 7, -1/60 (61) HPs)
             Began as a Minotaur Berserker on Dec 6, 2023.
             Was a Believer of Trog.
             Slain by an ice beast (5 damage)
             ... on level 5 of the Dungeon.
             The game lasted 00:07:58 (1620 turns).

UltimateWarrior the Chopper (Minotaur Berserker)    Turns: 1620, Time: 00:07:59

HP:   -1/60 (61)    AC:  2    Str: 22    XL:     7   Next: 15%
MP:   0/6           EV: 12    Int:  6    God:    Trog [**....]
Gold: 85            SH:  0    Dex:  9    Spells: 6/6 levels left

rFire   . . .        n - +2 hand axe
rCold   . . .        (no shield)
rNeg    . . .        b - +0 animal skin
rPois   .            (helmet restricted)
rElec   .            (no cloak)
rCorr   +            (no gloves)
SInv    .            (no boots)
Will    .....        c - amulet of guardian spirit
Stlth   ++           f - ring of resist corrosion
HPRegen 0.30/turn    (no ring)
MPRegen 0.10/turn

%: guardian spirit
@: lightly drained
A: horns 2, retaliatory headbutt
a: Renounce Religion, Berserk, Trog's Hand


You were on level 5 of the Dungeon.
You worshipped Trog.
Trog was pleased with you.
You visited 1 branch of the dungeon, and saw 4 of its levels.
You also visited: Ossuary.

You collected 85 gold pieces.

Inventory:

Hand Weapons
 m - the +4 sling "Pobur" {antimagic, rElec}
   (You found it on level 3 of the Dungeon)

   rElec:     It insulates you from electricity.
 n - a +2 hand axe (weapon)
Missiles
 g - 5 poisoned darts (quivered)
Armour
 b - a +0 animal skin (worn)
Jewellery
 c - an amulet of guardian spirit (around neck)
 f - a ring of resist corrosion (left hand)
Wands
 v - a wand of light (4)
 w - a wand of flame (29)
Scrolls
 a - a scroll of blinking {unknown}
 h - a scroll of vulnerability
 j - a scroll of magic mapping
 o - a scroll of immolation
 q - a scroll of amnesia
 t - 2 scrolls of fog {unknown}
Potions
 d - a potion of flight {unknown}
 e - 2 potions of cancellation
 i - 2 potions of curing
 k - 2 potions of invisibility
 l - a potion of might {unknown}
 p - a potion of degeneration {unknown}
 r - 2 potions of haste {unknown}
 u - 3 potions of heal wounds {unknown}


   Skills:
 * Level 5.3 Fighting
 * Level 5.8 Axes
 * Level 2.7 Ranged Weapons
 * Level 1.9 Throwing
 * Level 3.6 Armour
 * Level 3.7 Dodging
 * Level 1.7 Stealth
 * Level 1.0 Evocations


You had 6 spell levels left.
You didn't know any spells.
Your spell library was empty.

Dungeon Overview and Level Annotations

Branches:
Dungeon (5/15)            Ossuary (visited)
 Temple: D:4-7

Altars:
Kikubaaqudgha


Innate Abilities, Weirdness & Mutations

You have a pair of horns on your head.
You reflexively headbutt those who attack you in melee.


Message History

Press: ? - help, Q - select action, (/) - cycle Shift-Dir - straight line, f - ice beast
Aim: an ice beast (60% to hit)
You shoot a sling bullet.
The sling bullet hits the ice beast but does no damage.
Unknown command.
Fire: m) +4 sling "Pobur" {antimagic, rElec}
Press: ? - help, Q - select action, (/) - cycle Shift-Dir - straight line, f/p - ice beast
Aim: an ice beast (60% to hit)
You shoot a sling bullet. The sling bullet hits the ice beast.
The ice beast is lightly wounded.
Fire: m) +4 sling "Pobur" {antimagic, rElec}
Press: ? - help, Q - select action, (/) - cycle Shift-Dir - straight line, f/p - ice beast
Aim: an ice beast (lightly wounded, 60% to hit)
You shoot a sling bullet. The sling bullet hits the ice beast.
The ice beast is moderately wounded.
Unknown command.
You feel magic returning to you.
n - a +2 hand axe (weapon)
The ice beast hits you. The ice beast freezes you!
You hit the ice beast but do no damage. Your headbutt misses the ice beast.
The ice beast is moderately wounded.
The ice beast hits you. The ice beast freezes you!
You slash the ice beast! You headbutt the ice beast.
The ice beast is heavily wounded.
The ice beast hits you. The ice beast freezes you!
* * * LOW HITPOINT WARNING * * *
You closely miss the ice beast.
The ice beast is heavily wounded.
The ice beast barely misses you.
You hit the ice beast but do no damage.
You headbutt the ice beast, but do no damage.
The ice beast is heavily wounded.
The ice beast hits you.
* * * LOW HITPOINT WARNING * * *
The ice beast freezes you!
* * * LOW HITPOINT WARNING * * *
You feel better. The ice beast hits you.
* * * LOW HITPOINT WARNING * * *
The ice beast freezes you.
You die...

*,* *,*,* *,#.##########
#########+##*,#.* *,#..........#
#..........#*,#.* *,#########.##
#..........##.#.***,*,,,,,,,#.#
#...............,,,,,,*****,#.#
#..........#*,#.***,*******,#.#
#.......8..#*,#.* *,,,,,,,,,#.#
#..........##+#Y#############.#
#....>8.).8.....@.............#
#..................############*
#####...8..........# *,,,,,*
..............###### *,*,***
.....########## *,*,* ###.##
*,*,*
.##.#*********************,*,*
.##.#,,,,,,,,,**,,,,,,<,,,,*,*
,##.#,,,,,,,,,**,***********,*


You could see an ice beast.

Vanquished Creatures
  2 wraiths (Ossuary)
  3 wights (Ossuary)
  2 vampire bats (D:3)
  3 adders
  An ufetubus (D:5)
  2 adder zombies (Ossuary)
  5 bat skeletons (D:3)
  A bat zombie (D:3)
  3 endoplasms
  2 giant cockroaches
  5 goblins
  A hobgoblin (D:3)
  A quokka (D:2)
  4 ball pythons
  2 ball python skeletons (Ossuary)
  2 bats
  4 frilled lizards
  A hobgoblin zombie (Ossuary)
  A kobold (D:3)
  2 orc skeletons (Ossuary)
  An orc zombie (Ossuary)
  2 rats
50 creatures vanquished.

Notes
Turn   | Place    | Note
-------+----------+-------------------------------------------
     0 | D:1      | UltimateWarrior the Minotaur Berserker began the quest for
                  | the Orb.
     0 | D:1      | Reached XP level 1. HP: 19/19 MP: 0/0
   166 | D:1      | Reached XP level 2. HP: 19/27 MP: 1/1
   355 | D:2      | Reached XP level 3. HP: 16/33 MP: 2/2
   476 | D:3      | Identified the +4 sling "Pobur" {antimagic, rElec}
   766 | D:3      | Found an ancient bone altar of Kikubaaqudgha.
   768 | D:3      | Reached ** piety under Trog
   775 | D:3      | Reached skill level 1 in Throwing
   775 | D:3      | Reached XP level 4. HP: 29/41 MP: 1/3
   808 | D:3      | Reached skill level 1 in Ranged Weapons
   808 | D:3      | Reached skill level 1 in Stealth
   808 | D:3      | Reached XP level 5. HP: 43/47 MP: 4/4
   828 | D:3      | You fall into a shaft and drop 2 floors!
   828 | D:5      | Entered Level 5 of the Dungeon
   891 | D:5      | Found a sand-covered staircase.
   906 | Ossuary  | Entered an ossuary
  1108 | Ossuary  | Noticed a wraith
  1108 | Ossuary  | Noticed a flying skull
  1117 | Ossuary  | Noticed a flying skull
  1124 | Ossuary  | Noticed a flying skull
  1165 | Ossuary  | Noticed a flying skull
  1174 | Ossuary  | Noticed a wraith
  1180 | Ossuary  | Killed a wraith
  1181 | Ossuary  | Reached skill level 5 in Fighting
  1181 | Ossuary  | Reached skill level 5 in Axes
  1181 | Ossuary  | Reached XP level 6. HP: 56/56 MP: 1/5
  1195 | Ossuary  | Noticed a wraith
  1207 | Ossuary  | Killed a wraith
  1294 | Ossuary  | Reached XP level 7. HP: 22/58 MP: 0/6
  1444 | Ossuary  | Reached skill level 1 in Evocations
  1619 | D:5      | HP: 2/60 [ice beast (10)]
  1620 | D:5      | Slain by an ice beast

Illustrated notes

Levels and vault maps discovered:
D:1:      scummos_arrival_gate, layout_rooms
D:2:      layout_loops_ring, basic_altar, wander_ebering_terrifying_dragon_lair
D:3:      layout_rooms, kennysheep_vampire_church,
          nicolae_dithmenos_through_a_glass_darkly
D:5:      layout_basic, mainiacjoe_overflow_boulevard, lemuel_tele_altar,
          nicolae_ossuary_entry_monument, uniq_menkaure, uniq_blork_the_orc,
          uniq_duvessa

Skill      XL: |  1  2  3  4  5  6  7 |
---------------+----------------------+-----
Fighting       | 4 5 |  5.3
Axes           | 4 5 |  5.8
Throwing       | 1 |  1.9
Ranged Weapons | 1 2 |  2.7
Dodging        | 3 |  3.7
Stealth        | 1 |  1.7
Armour         | 3 |  3.6
Evocations     | 1 |  1.0

Action                     |  1- 3 |  4- 6 |  7- 9 || total
---------------------------+-------+-------+-------++-------
  Melee: Hand axe          |    49 |    46 |     6 ||   101
         Punch             |     1 |       |       ||     1
         Headbutt          |     8 |     8 |     3 ||    19
   Fire: Sling             |    13 |     2 |     3 ||    18
 Invoke: Berserk           |       |     2 |     1 ||     3
  Evoke: Wand              |       |     3 |       ||     3
    Use: Scroll            |     4 |     5 |       ||     9
         Potion            |       |     1 |     1 ||     2
 Armour: Animal skin       |    15 |     9 |       ||    24
  Dodge: Dodged            |    65 |    26 |     2 ||    93
